Map: 2000 Atmospheres LE

Players

BratOK (Brat_OK)

  • Race: Terran Terran
  • League: Grandmaster

HeroMarine - Winner!

  • Race: Terran Terran
  • League: Master

Event: DreamHack SC2 Masters 2021 Summer

VOD

Have the link to the VOD?

Description

Time

  • Played on: May 25, 2021, 12:53 p.m.
  • Length: 11:23

All games in this series

Show
View Real Time Build Order
Export as new Build Order

BratOK Terran 

Build Orders:  

Get SALT Encoding   

  12  0:00  SCV  
  13  0:12  SCV  
  14  0:17  Supply Depot  
  14  0:24  SCV  
  15  0:30  Refinery  
  15  0:43  Barracks  
  15  0:56  Barracks  
  15  1:01  SCV  
  16  1:13  SCV  
  17  1:30  Barracks Tech Lab, Orbital Command  
  17  1:42  Supply Depot  
  17  1:44  Barracks Tech Lab  
  17  1:49  Marauder  
  17  1:52  Concussive Shells  
  19  2:03  Marauder  
  21  2:12  SCV, Marauder  
  24  2:18  Supply Depot  
  24  2:25  Marauder  
  26  2:33  Marauder  
  26  2:35  SCV  
  28  2:41  Refinery  
  28  2:47  SCV  
  29  2:51  Marauder  
  31  3:07  Factory  
  34  3:20  SCV  
  30  3:32  SCV  
  28  3:44  SCV  
  29  3:55  Starport, Factory Tech Lab  
  29  3:56  SCV  
  30  4:08  SCV  
  31  4:14  Cyclone  
  34  4:18  Supply Depot  
  34  4:20  SCV  
  35  4:33  SCV  
  36  4:39  Command Center  
  36  4:45  SCV  
  37  4:53  Raven  
  37  4:54  Factory Tech Lab  
  37  4:55  Barracks Reactor  
  37  4:57  SCV  
  40  5:07  Supply Depot  
  40  5:09  SCV  
  40  5:13  Siege Tank  
  42  5:28  SCV  
  43  5:29  Refinery  
  43  5:33  Marine x2  
  45  5:37  Raven  
  47  5:43  SCV  
  48  5:50  Orbital Command  
  48  5:52  Marine x2  
  48  5:55  SCV  
  51  6:00  Siege Tank  
  54  6:07  SCV  
  55  6:18  Command Center  
  55  6:19  SCV  
  56  6:28  SCV  
  56  6:31  SCV  
  56  6:32  Supply Depot  
  58  6:39  Viking  
  60  6:40  SCV  
  60  6:43  Refinery, SCV  
  62  6:47  Viking  
  62  6:53  SCV  
  65  6:55  Siege Tank  
  65  6:56  SCV  
  69  7:01  Supply Depot  
  69  7:05  SCV  
  70  7:09  Viking  
  72  7:18  Viking  
  72  7:19  SCV x2  
  76  7:31  SCV  
  76  7:33  Siege Tank  
  81  7:40  Orbital Command  
  81  7:41  Viking  
  81  7:43  Factory  
  81  7:44  SCV x2  
  84  7:50  Viking  
  86  7:55  Supply Depot  
  86  7:56  Barracks Reactor, SCV  
  87  8:03  SCV  
  88  8:06  Orbital Command  
  88  8:08  SCV  
  88  8:10  Siege Tank  
  92  8:13  Armory  
  92  8:15  SCV, Armory  
  92  8:16  Engineering Bay, Viking  
  95  8:20  SCV  
  96  8:27  SCV  
  96  8:31  Supply Depot  
  96  8:32  SCV  
  96  8:33  Supply Depot  
  98  8:35  SCV  
  98  8:39  SCV  
  100  8:43  Hellion x2, Siege Tank  
  100  8:44  SCV  
  100  8:47  Refinery, SCV  
  109  8:49  Refinery  
  109  8:52  SCV  
  108  8:57  SCV  
  108  8:59  Viking  
  108  9:00  Viking  
  113  9:09  Hellion  
  103  9:15  Siege Tank  
  85  9:22  SCV  
  72  9:26  Hellion  
  72  9:27  SCV x2  
  72  9:29  Viking  
  68  9:33  Viking  
  68  9:34  SCV  
  71  9:39  SCV  
  72  9:48  Siege Tank  
  72  9:49  SCV  
  70  9:54  Hellion x2  
  70  9:55  SCV x2  
  78  10:07  Factory  
  78  10:08  SCV x3  
  81  10:16  Liberator x2  
  81  10:20  SCV, Siege Tank  
  89  10:22  Hellion x2  
  89  10:23  SCV  
  89  10:24  SCV  
  95  10:30  Missile Turret x2  
  95  10:32  SCV  
  95  10:34  Sensor Tower  
  96  10:35  SCV  
  96  10:36  SCV  
  96  10:38  Missile Turret  
  96  10:39  Command Center  
  96  10:40  Missile Turret  
  95  10:43  Hellion x2  
  92  10:52  SCV  
  92  10:59  SCV x2  
  92  11:09  Missile Turret  
Show
View Real Time Build Order
Export as new Build Order

HeroMarine Terran - Winner!

Build Orders:  

Get SALT Encoding   

  12  0:00  SCV  
  13  0:12  SCV  
  14  0:17  Supply Depot  
  14  0:24  SCV  
  15  0:38  SCV  
  15  0:39  Barracks  
  16  0:42  Refinery  
  16  0:50  SCV  
  16  0:52  Refinery  
  17  1:03  SCV  
  18  1:15  SCV  
  19  1:26  Reaper  
  19  1:27  Orbital Command, Supply Depot  
  20  1:40  Factory  
  20  1:53  SCV  
  21  1:58  Reaper  
  22  2:05  SCV  
  23  2:12  Bunker  
  23  2:15  Supply Depot  
  23  2:16  Bunker  
  23  2:17  SCV  
  24  2:26  Factory Tech Lab  
  24  2:29  SCV, Marine  
  26  2:41  SCV  
  26  2:45  Siege Tank  
  26  2:47  Marine  
  26  2:50  Supply Depot  
  30  2:53  SCV  
  30  3:06  Marine  
  30  3:07  SCV  
  30  3:09  Starport  
  32  3:21  SCV  
  32  3:22  Siege Tank  
  32  3:26  Marine  
  37  3:35  SCV  
  37  3:38  Supply Depot  
  37  3:45  Supply Depot  
  37  3:47  SCV  
  38  3:59  Raven  
  40  4:09  Command Center  
  40  4:12  SCV  
  40  4:15  Barracks Reactor  
  41  4:17  Factory Tech Lab  
  41  4:24  SCV  
  42  4:36  SCV  
  43  4:40  Command Center  
  43  4:46  Cyclone  
  43  4:48  SCV  
  43  4:52  Marine x2  
  49  5:00  SCV, Supply Depot  
  50  5:09  Raven, Marine x2  
  50  5:12  SCV  
  55  5:14  Refinery  
  54  5:25  SCV  
  54  5:27  Marine x2  
  57  5:31  Siege Tank  
  57  5:32  Supply Depot  
  60  5:37  SCV  
  61  5:43  Orbital Command  
  61  5:49  SCV  
  62  5:52  Orbital Command  
  62  5:53  Refinery  
  62  6:00  Viking  
  62  6:02  Viking  
  66  6:04  SCV  
  66  6:07  Marine  
  66  6:09  SCV  
  69  6:14  Siege Tank  
  71  6:19  SCV x2  
  71  6:22  SCV  
  72  6:30  Viking  
  72  6:31  SCV  
  76  6:33  Viking  
  76  6:36  SCV  
  76  6:37  SCV  
  79  6:43  SCV  
  80  6:48  SCV, Siege Tank  
  80  6:49  Stimpack  
  80  6:51  Orbital Command  
  85  6:55  SCV  
  85  7:00  SCV, Marine  
  87  7:01  Engineering Bay  
  87  7:02  Engineering Bay  
  87  7:07  SCV  
  88  7:09  Viking  
  88  7:12  SCV  
  88  7:13  Viking  
  93  7:15  Supply Depot  
  93  7:18  SCV  
  93  7:19  SCV  
  94  7:25  SCV  
  94  7:27  Siege Tank  
  97  7:31  SCV x2  
  97  7:37  SCV  
  100  7:39  Barracks  
  100  7:41  Terran Infantry Armor Level 1, Barracks, Terran Infantry Weapons Level 1  
  100  7:43  SCV  
  101  7:46  Marine, Sensor Tower  
  101  7:49  Viking  
  101  7:50  Supply Depot  
  104  7:52  SCV x2  
  104  7:55  SCV  
  104  7:56  Viking  
  109  8:00  Supply Depot  
  109  8:04  Refinery, SCV  
  109  8:08  Refinery  
  109  8:11  SCV x2, Marine  
  109  8:12  Supply Depot  
  112  8:16  SCV  
  113  8:20  Viking  
  113  8:24  SCV x2  
  113  8:26  Viking  
  119  8:29  Missile Turret x2  
  119  8:31  SCV, Missile Turret  
  119  8:34  Barracks Reactor x2, Combat Shield  
  120  8:35  Marine  
  120  8:36  SCV x2  
  120  8:39  Supply Depot  
  123  8:42  Siege Tank  
  123  8:46  SCV  
  123  8:48  SCV x2  
  129  8:55  Marine  
  127  8:58  Viking  
  127  8:59  Barracks  
  127  9:00  Viking  
  127  9:01  Barracks  
  131  9:04  SCV x2  
  131  9:05  SCV  
  122  9:16  SCV x2, Marine x4  
  122  9:17  SCV, Marine  
  105  9:28  Viking  
  105  9:30  Medivac  
  102  9:32  Siege Tank  
  102  9:34  Marine x5  
  102  9:37  Armory  
  107  9:41  Command Center  
  107  9:52  Marine x4  
  111  9:53  Marauder  
  111  9:54  Barracks Tech Lab x2  
  107  10:05  Medivac  
  107  10:06  Medivac, Siege Tank  
  114  10:09  Barracks  
  114  10:11  Barracks, Marine x2  
  118  10:14  Marauder  
  118  10:16  Barracks  
  118  10:18  Marauder x2  
  118  10:19  Marine x2  
  127  10:24  Supply Depot  
  127  10:25  Supply Depot  
  127  10:27  Refinery  
  124  10:29  Marine  
  127  10:35  Marauder  
  127  10:37  Marine x3  
  127  10:39  Marauder x2  
  127  10:40  Siege Tank  
  137  10:46  Medivac x2  
  137  10:47  Marine  
  141  10:54  Marine  
  141  10:55  Marine x2  
  144  10:57  Marauder  
  144  10:59  Barracks Tech Lab  
  144  11:00  Barracks Tech Lab, Marine  
  144  11:01  Marauder  
  144  11:03  SCV x2  
  144  11:04  SCV  
  150  11:05  Marine  
Tags
 
Add a new tag
Caveats
  • Supply blocks, unpowered buildings, or Contaminate may cause inaccurate times.
  • Supply counts are checked every 10 seconds.